TOP OF THE 1ST |
---|
Houston Hammertime batting - Pitching for Vancouver Vipers : RHP Javier Toledo | Pitching: RHP Javier Toledo | | Batting: LHB Enrique Valentín | 0-0: Ball 1-0: Ball 2-0: Ground out 3-1 (Groundball, 34) | Batting: LHB António Camacho | 0-0: Foul Ball, location: 2F 0-1: Swinging Strike 0-2: Ball 1-2: Foul Ball, location: 2F 1-2: Foul Ball, location: 2F 1-2: Strikes out looking | Batting: RHB Juan Carlos | 0-0: Ground out 4-3 (Groundball, 4) | Top of the 1st over - 0 runs, 0 hits, 0 errors, 0 left on base; Houston 0 - Vancouver 0 | BOTTOM OF THE 1ST |
---|
Vancouver Vipers batting - Pitching for Houston Hammertime : LHP Martin White | Pitching: LHP Martin White | | Batting: LHB Jorge Martínez | 0-0: Ball 1-0: Fly out, F3 (Line Drive, 34) | Batting: RHB Ramón Molina | 0-0: Ball 1-0: Ball 2-0: Ball 3-0: Called Strike 3-1: Base on Balls | Batting: RHB Ryan Parrish | 0-0: Ball 1-0: Fly out, F4 (Flyball, 4D) | Batting: LHB Stan Bates | 0-0: Ball 1-0: Called Strike 1-1: Ball 2-1: Foul Ball, location: 2F 2-2: Fly out, F7 (Flyball, 78S) | Bottom of the 1st over - 0 runs, 0 hits, 0 errors, 1 left on base; Houston 0 - Vancouver 0 | TOP OF THE 2ND |
---|
Houston Hammertime batting - Pitching for Vancouver Vipers : RHP Javier Toledo | Batting: RHB Alfredo Cortéz | 0-0: Swinging Strike 0-1: Swinging Strike 0-2: Fly out, F9 (Flyball, 9LSF) | Batting: RHB David Hernández | 0-0: Foul Ball, location: 2F 0-1: Foul Ball, location: 2F 0-2: Ball 1-2: Ball 2-2: Fly out, F7 (Line Drive, 7LD) | Batting: RHB Santo Cruz | 0-0: Called Strike 0-1: SINGLE (Line Drive, 6D) | Batting: LHB Raúl Casillán | 0-0: Ball 1-0: Foul Ball, location: 2F 1-1: Foul Ball, location: 2F 1-2: Ball 2-2: Foul Ball, location: 2F 2-2: Foul Ball, location: 2F 2-2: SINGLE (Groundball, 34D) Santo Cruz to second Santo Cruz to third | Batting: RHB Victor Andrews | 0-0: Foul Ball, location: 2F 0-1: Foul Ball, location: 2F 0-2: Ball 1-2: Fly out, F8 (Flyball, 8RM) | Top of the 2nd over - 0 runs, 2 hits, 0 errors, 2 left on base; Houston 0 - Vancouver 0 | BOTTOM OF THE 2ND |
---|
Vancouver Vipers batting - Pitching for Houston Hammertime : LHP Martin White | Batting: RHB Lorenzo González | 0-0: Ball 1-0: Called Strike 1-1: Ball 2-1: Ball 3-1: Called Strike 3-2: Base on Balls | Batting: LHB Nick English | 0-0: Foul Ball, location: 2F 0-1: Ball 1-1: Ball 2-1: Ball 3-1: Called Strike 3-2: Fly out, F9 (Flyball, 9LMF) | Batting: RHB Clarence Harrison | 0-0: Ball 1-0: Ball 2-0: Ball 3-0: Called Strike 3-1: Fly out, F9 (Flyball, 89M) | Batting: LHB Collin Smith | 0-0: Ball 1-0: Ball 2-0: Called Strike 2-1: Ball 3-1: Base on Balls Lorenzo González to second | Batting: LHB Brian Ford | 0-0: Ball 1-0: Ball 2-0: Called Strike 2-1: Fielders Choice at 2nd, 6-4 (Groundball, 6) | Bottom of the 2nd over - 0 runs, 0 hits, 0 errors, 2 left on base; Houston 0 - Vancouver 0 | TOP OF THE 3RD |
---|
Houston Hammertime batting - Pitching for Vancouver Vipers : RHP Javier Toledo | Batting: RHB José García | 0-0: Ball 1-0: Ball 2-0: Ball 3-0: Base on Balls | Batting: LHB Enrique Valentín | 0-0: Ball 1-0: Called Strike 1-1: Foul Ball, location: 2F 1-2: Ball 2-2: Strikes out swinging | Batting: LHB António Camacho | 0-0: Grounds into double play, 6-4-3 (Groundball, 6) | Top of the 3rd over - 0 runs, 0 hits, 0 errors, 0 left on base; Houston 0 - Vancouver 0 | BOTTOM OF THE 3RD |
---|
Vancouver Vipers batting - Pitching for Houston Hammertime : LHP Martin White | Batting: LHB Jorge Martínez | 0-0: Foul Ball, location: 2F 0-1: Ball 1-1: Ground out 4-3 (Groundball, 4) | Batting: RHB Ramón Molina | 0-0: Fly out, F3 (Popup, 3S) | Batting: RHB Ryan Parrish | 0-0: Foul Ball, location: 2F 0-1: SOLO HOME RUN (Flyball, 78XD), Distance : 418 ft | Batting: LHB Stan Bates | 0-0: Ball 1-0: Called Strike 1-1: Swinging Strike 1-2: Foul Ball, location: 2F 1-2: Fly out, F6 (Line Drive, 6) | Bottom of the 3rd over - 1 run, 1 hit, 0 errors, 0 left on base; Houston 0 - Vancouver 1 | TOP OF THE 4TH |
---|
Houston Hammertime batting - Pitching for Vancouver Vipers : RHP Javier Toledo | Batting: RHB Juan Carlos | 0-0: Called Strike 0-1: Ball 1-1: Swinging Strike 1-2: Ball 2-2: Ball 3-2: Ground out 4-3 (Groundball, 4M) | Batting: RHB Alfredo Cortéz | 0-0: Foul Ball, location: 2F 0-1: Foul Ball, location: 2F 0-2: SINGLE (Line Drive, 34D) | Batting: RHB David Hernández | 0-0: Foul Ball, location: 2F 0-1: Reached on error, E1 (Groundball, 13) Alfredo Cortéz to second | Batting: RHB Santo Cruz | 0-0: Fly out, F7 (Flyball, 7LMF) | Batting: LHB Raúl Casillán | 0-0: Ball 1-0: Ground out U3 (Groundball, 3) | Top of the 4th over - 0 runs, 1 hit, 1 error, 2 left on base; Houston 0 - Vancouver 1 | BOTTOM OF THE 4TH |
---|
Vancouver Vipers batting - Pitching for Houston Hammertime : LHP Martin White | Batting: RHB Lorenzo González | 0-0: Ball 1-0: Fly out, F6 (Line Drive, 6M) | Batting: LHB Nick English | 0-0: Ball 1-0: Called Strike 1-1: Swinging Strike 1-2: Ball 2-2: Foul Ball, location: 2F 2-2: Ground out 4-3 (Groundball, 4M) | Batting: RHB Clarence Harrison | 0-0: Hit by Pitch | Batting: LHB Collin Smith | 0-0: Ball 1-0: Called Strike 1-1: Called Strike 1-2: Foul Ball, location: 2F 1-2: Ball Clarence Harrison steals 2nd base 2-2: Ball 3-2: Ground out 4-3 (Groundball, 4) | Bottom of the 4th over - 0 runs, 0 hits, 0 errors, 1 left on base; Houston 0 - Vancouver 1 | TOP OF THE 5TH |
---|
Houston Hammertime batting - Pitching for Vancouver Vipers : RHP Javier Toledo | Batting: RHB Victor Andrews | 0-0: Swinging Strike 0-1: Ball 1-1: Ball 2-1: SINGLE (Line Drive, 7LS) | Batting: RHB José García | 0-0: Ball 1-0: Swinging Strike 1-1: Fly out, F3 (Popup, 3SF) | Batting: LHB Enrique Valentín | 0-0: Ball 1-0: SINGLE (Line Drive, 8LS) Victor Andrews to second | Batting: LHB António Camacho | 0-0: Called Strike 0-1: Called Strike 0-2: Ball 1-2: Foul Ball, location: 2F 1-2: Ball 2-2: SINGLE (Flyball, 8RS) Victor Andrews to third Enrique Valentín to second Runner from 3rd tries for Home, throw and OUT! Enrique Valentín to third António Camacho to second | Batting: RHB Juan Carlos | 0-0: Foul Ball, location: 2F 0-1: Ball 1-1: Foul Ball, location: 2F 1-2: Ball 2-2: Ground out 6-3 (Groundball, 6D) | Top of the 5th over - 0 runs, 3 hits, 0 errors, 2 left on base; Houston 0 - Vancouver 1 | BOTTOM OF THE 5TH |
---|
Vancouver Vipers batting - Pitching for Houston Hammertime : LHP Martin White | Batting: LHB Brian Ford | 0-0: SINGLE (Flyball, 9LM) | Batting: LHB Jorge Martínez | 0-0: Called Strike 0-1: Ball 1-1: Called Strike 1-2: Foul Ball, location: 2F 1-2: Fielders Choice at 2nd, 1-4 (Groundball, 15S) | Batting: RHB Ramón Molina | 0-0: Ball Jorge Martínez steals 2nd base 1-0: Intentional Walk | Batting: RHB Ryan Parrish | 0-0: Ball 1-0: Ball 2-0: SINGLE (Flyball, 78S) Jorge Martínez to third Ramón Molina to second Runner from 3rd tries for Home, SAFE, no throw | Batting: LHB Stan Bates | 0-0: Fly out, F7 (Flyball, 7LDF) | Batting: RHB Lorenzo González | 0-0: SINGLE (Groundball, 4MD) Ramón Molina to third Ryan Parrish to second Runner from 3rd tries for Home, SAFE, throw made home | Batting: LHB Nick English | 0-0: Ball 1-0: Ground out 3-1 (Groundball, 34) | Bottom of the 5th over - 2 runs, 3 hits, 0 errors, 2 left on base; Houston 0 - Vancouver 3 | TOP OF THE 6TH |
---|
Houston Hammertime batting - Pitching for Vancouver Vipers : RHP Javier Toledo | Batting: RHB Alfredo Cortéz | 0-0: Swinging Strike 0-1: Ball 1-1: Foul Ball, location: 2F 1-2: Ball 2-2: Ball 3-2: Ground out 1-3 (Groundball, 13) | Batting: RHB David Hernández | 0-0: Called Strike 0-1: Ball 1-1: Ball 2-1: DOUBLE (Line Drive, 78XD) | Batting: RHB Santo Cruz | 0-0: Foul Ball, location: 2F 0-1: Called Strike 0-2: Ball 1-2: Foul Ball, location: 2F 1-2: Fly out, F7 (Flyball, 78S) | Batting: LHB Raúl Casillán | 0-0: SINGLE (Flyball, 89M) David Hernández to third | Batting: RHB Victor Andrews | 0-0: Ball 1-0: Called Strike 1-1: Ball 2-1: Ball 3-1: Base on Balls Raúl Casillán to second | Batting: RHB José García | 0-0: Ball 1-0: Ball 2-0: Ball 3-0: Called Strike 3-1: Called Strike 3-2: Ground out 3-1 (Groundball, 34) | Top of the 6th over - 0 runs, 2 hits, 0 errors, 3 left on base; Houston 0 - Vancouver 3 | BOTTOM OF THE 6TH |
---|
Vancouver Vipers batting - Pitching for Houston Hammertime : LHP Martin White | Batting: RHB Clarence Harrison | 0-0: Called Strike 0-1: Foul Ball, location: 2F 0-2: Fly out, F9 (Line Drive, 89D) | Batting: LHB Collin Smith | 0-0: Called Strike 0-1: Ball 1-1: Foul Ball, location: 2F 1-2: Strikes out swinging | Batting: LHB Brian Ford | 0-0: Ball 1-0: Swinging Strike 1-1: Ball 2-1: Called Strike 2-2: Ball 3-2: SINGLE (Groundball, 34D) | Batting: LHB Jorge Martínez | 0-0: Ball 1-0: Ball 2-0: Called Strike 2-1: Ball 3-1: Base on Balls Brian Ford to second | Pitching: RHP Jesse Moser | | Batting: RHB Ramón Molina | 0-0: Ball 1-0: Fielders Choice at 2nd, 5-4 (Groundball, 56) | Bottom of the 6th over - 0 runs, 1 hit, 0 errors, 2 left on base; Houston 0 - Vancouver 3 | TOP OF THE 7TH |
---|
Houston Hammertime batting - Pitching for Vancouver Vipers : RHP Javier Toledo | Batting: LHB Enrique Valentín | 0-0: Called Strike 0-1: Called Strike 0-2: Foul Ball, location: 2F 0-2: Ball 1-2: Fly out, F7 (Flyball, 78D) | Pitching: RHP Augusto Herrera | | Batting: LHB António Camacho | 0-0: Ball 1-0: Ball 2-0: Swinging Strike 2-1: Called Strike 2-2: Ball 3-2: Foul Ball, location: 2F 3-2: Foul Ball, location: 2F 3-2: Base on Balls | Batting: RHB Juan Carlos | 0-0: Called Strike 0-1: Ball 1-1: Ball 2-1: Called Strike 2-2: Ball 3-2: Foul Ball, location: 2F 3-2: Foul Ball, location: 2F 3-2: Foul Ball, location: 2F 3-2: Foul Ball, location: 2F 3-2: Base on Balls António Camacho to second | Batting: RHB Alfredo Cortéz | 0-0: Ball 1-0: Called Strike 1-1: Fly out, F8 (Flyball, 89XD) Runner from 2nd tags up, SAFE at 3rd, no throw | Batting: RHB David Hernández | 0-0: Fielders Choice at 2nd, 5-4 (Groundball, 56) | Top of the 7th over - 0 runs, 0 hits, 0 errors, 2 left on base; Houston 0 - Vancouver 3 | BOTTOM OF THE 7TH |
---|
Vancouver Vipers batting - Pitching for Houston Hammertime : RHP Jesse Moser | Batting: RHB Ryan Parrish | 0-0: Foul Ball, location: 2F 0-1: Foul Ball, location: 2F 0-2: Foul Ball, location: 2F 0-2: Ball 1-2: Strikes out swinging | Batting: LHB Stan Bates | 0-0: Ball 1-0: Called Strike 1-1: Fly out, F7 (Flyball, 7S) | Batting: RHB Lorenzo González | 0-0: Ball 1-0: Swinging Strike 1-1: Ball 2-1: Foul Ball, location: 2F 2-2: SINGLE (Flyball, 9S) | Batting: LHB Nick English | 0-0: Ball 1-0: Ball 2-0: Ball 3-0: Base on Balls Lorenzo González to second | Batting: RHB Clarence Harrison | 0-0: Ball 1-0: Called Strike 1-1: Ball 2-1: Ball 3-1: Base on Balls Lorenzo González to third Nick English to second | Batting: LHB Collin Smith | 0-0: Swinging Strike 0-1: Foul Ball, location: 2F 0-2: Ball 1-2: Fly out, F6 (Line Drive, 6) | Bottom of the 7th over - 0 runs, 1 hit, 0 errors, 3 left on base; Houston 0 - Vancouver 3 | TOP OF THE 8TH |
---|
Houston Hammertime batting - Pitching for Vancouver Vipers : RHP Augusto Herrera | Batting: RHB Santo Cruz | 0-0: Ball 1-0: Ball 2-0: Called Strike 2-1: Ball 3-1: SINGLE (Line Drive, 4M) | Batting: LHB Raúl Casillán | 0-0: Foul Ball, location: 2F 0-1: Ball 1-1: Ball 2-1: Ball 3-1: Foul Ball, location: 2F 3-2: Strikes out swinging | Batting: RHB Victor Andrews | 0-0: Fly out, F8 (Flyball, 8RD) | Batting: RHB José García | 0-0: Ball 1-0: Foul Ball, location: 2F 1-1: Fly out, F7 (Flyball, 7S) | Top of the 8th over - 0 runs, 1 hit, 0 errors, 1 left on base; Houston 0 - Vancouver 3 | BOTTOM OF THE 8TH |
---|
Vancouver Vipers batting - Pitching for Houston Hammertime : RHP Jesse Moser | Batting: LHB Brian Ford | 0-0: Called Strike 0-1: Foul Ball, location: 2F 0-2: Ball 1-2: Ball 2-2: Ball 3-2: Foul Ball, location: 2F 3-2: Foul Ball, location: 2F 3-2: Foul Ball, location: 2F 3-2: Ground out 5-3 (Groundball, 5) | Batting: LHB Jorge Martínez | 0-0: Swinging Strike 0-1: Swinging Strike 0-2: Ball 1-2: Ground out U3 (Groundball, 34) | Batting: RHB Ramón Molina | 0-0: Called Strike 0-1: Ball 1-1: Ball 2-1: Swinging Strike 2-2: Foul Ball, location: 2F 2-2: Ball 3-2: Base on Balls | Batting: RHB Ryan Parrish | 0-0: Called Strike 0-1: Ball 1-1: Foul Ball, location: 2F 1-2: Strikes out swinging | Bottom of the 8th over - 0 runs, 0 hits, 0 errors, 1 left on base; Houston 0 - Vancouver 3 | TOP OF THE 9TH |
---|
Houston Hammertime batting - Pitching for Vancouver Vipers : RHP Augusto Herrera | Pitching: RHP Bob Martin | | Batting: LHB Enrique Valentín | 0-0: Ground out 4-3 (Groundball, 4M) | Batting: LHB António Camacho | 0-0: Ball 1-0: Ball 2-0: Ball 3-0: Base on Balls | Batting: RHB Juan Carlos | 0-0: Ground out 4-3 (Groundball, 4S) António Camacho to second | Batting: RHB Alfredo Cortéz | 0-0: Foul Ball, location: 2F 0-1: Called Strike 0-2: Foul Ball, location: 2F 0-2: Ball 1-2: Foul Ball, location: 2F 1-2: Ground out 4-3 (Groundball, 4S) | Top of the 9th over - 0 runs, 0 hits, 0 errors, 1 left on base; Houston 0 - Vancouver 3 | |